 Dungeon Crawl Stone Soup version 0.25-a0-665-ga69d64035b (webtiles) character file.

Game seed: 3945525451932677773, levelgen mode: deterministic

218 kae the Caller (level 5, -3/38 HPs)
             Began as a Hill Orc Summoner on Mar 26, 2020.
             Slain by an orc
             ... wielding a +0 falchion
              (5 damage)
             ... on level 4 of the Dungeon.
             The game lasted 00:05:03 (3842 turns).

kae the Caller (Hill Orc Summoner)                  Turns: 3842, Time: 00:05:03

Health: -3/38      AC:  3    Str: 11    XL:     5   Next: 95%
Magic:  0/9        EV: 12    Int: 18    God:
Gold:   250        SH:  0    Dex: 11    Spells: 3/9 levels left

rFire    . . .     SeeInvis .   l - +1 hand axe (vorpal)
rCold    . . .     Gourm    .   (no shield)
rNeg     . . .     Faith    .   a - +1 robe
rPois    .         Spirit   .   (helmet restricted)
rElec    .         Reflect  .   (no cloak)
rCorr    .         Harm     .   (no gloves)
MR       .....     Rnd*Rage +   (no boots)
Stlth    ++........             h - amulet of regeneration
HPRegen  0.52/turn              (no ring)
MPRegen  0.11/turn              (no ring)

@: no status effects
A: antennae 1, berserk 1, clever 1
a: Convert to Beogh


You were on level 4 of the Dungeon.
You were not hungry.

You visited 1 branch of the dungeon, and saw 4 of its levels.
You also visited: Sewer.

You collected 250 gold pieces.

Inventory:

Hand Weapons
 l - a +1 vorpal hand axe (weapon)
Armour
 a - a +1 robe (worn)
Jewellery
 h - an amulet of regeneration (around neck)
Scrolls
 k - 4 scrolls of remove curse
 m - a scroll of amnesia
 p - a scroll of enchant weapon
Potions
 g - 3 potions of flight
 j - a potion of magic
 n - 3 potions of mutation
Comestibles
 b - 2 chunks of flesh
 c - 8 rations


   Skills:
 + Level 2.1 Axes
 - Level 1.5 Dodging
 - Level 1.5 Stealth
 + Level 2.7 Spellcasting
 * Level 6.0 Summonings


You had 3 spell levels left.
You knew the following spells:

 Your Spells              Type           Power        Failure   Level  Hunger
a - Summon Small Mammal   Summ           ###.         1%          1    #......
b - Call Imp              Summ           ###.....     2%          2    ##.....
c - Call Canine Familiar  Summ           ###.....     4%          3    ###....

Your spell library contained the following spells:

 Spells                   Type           Power        Failure   Level  Hunger
 Summon Guardian Golem    Hex/Summ       ##......     14%         3    ###....
 Summon Ice Beast         Ice/Summ       ##......     43%         4    #####..
 Summon Lightning Spire   Summ/Air       ##......     43%         4    #####..


Dungeon Overview and Level Annotations

Branches:
Dungeon (4/15)              Sewer (visited)
 Temple: D:4-7

Altars:
Cheibriados
Qazlal

Annotations:
D:4 exclusion: ogre


Innate Abilities, Weirdness & Mutations

You have a pair of small antennae on your head.
You tend to lose your temper in combat.
Your mind is acute. (Int +2)


Message History

Something completely misses your crimson imp.
The hound bites you but does no damage.
Something closely misses your crimson imp.
The hound misses you.
Something closely misses your crimson imp.
The orc priest calls down the wrath of Beogh upon you.
Beogh smites you!
* * * LOW HITPOINT WARNING * * *
Your crimson imp blinks!
Casting: Call Imp (safe; 2% risk of failure)
Confirm with . or Enter, or press ? or * to list all spells.
The hound misses you. The orc hits you but does no damage.
The orc priest looks braver for a moment.
The hound bites you but does no damage.
The centaur wields a +0 shortbow.
The centaur shoots an arrow.
The arrow hits you!
* * * LOW HITPOINT WARNING * * *
The orc hits you but does no damage. The hound misses you.
The orc hits you with a +0 falchion.
You die...

****#............#*,**,**,
#............#*,,,,**,
#............##***,**,
####......c....,,,,,,>
#........l#....,,,,**,
#..5...§§.#####******,
#....§cl§.# ** #.§.§§l§§.#
#..r§@h§§.# #.§§.oo§§.#
#..§..oo§.#***********
#......§....(,,,,**,,,
#........o.o...,,**,,,
#..............,,**,,,
##########.o...,,**,,,
*.....,,*****
*******.....,,****,


You could see a centaur, a hound, 2 orc priests, 2 orcs, 2 leopard geckos, a
friendly crimson imp and a friendly rat.

Vanquished Creatures
  A worker ant (D:4)
  A gnoll (D:3)
  A dart slug (D:3)
  2 leopard geckos
  3 orcs (D:3)
  A ball python (D:3)
  A bat (D:3)
  4 giant cockroaches
  2 goblins
  6 hobgoblins
  A jackal (D:4)
  6 frilled lizards
  5 rats
34 creatures vanquished.

Vanquished Creatures (collateral kills)
  An ogre (D:4)
  A worker ant (D:4)
  2 gnolls (D:3)
  4 adders
  2 worms
  3 dart slugs
  A leopard gecko (D:1)
  2 orcs (D:3)
  2 bats
  5 giant cockroaches
  A goblin (D:1)
  2 hobgoblins
  3 jackals (D:4)
  9 kobolds
  4 frilled lizards
  4 rats
46 creatures vanquished.

Grand Total: 80 creatures vanquished

Notes
Turn   | Place    | Note
-------+----------+-------------------------------------------
     0 | D:1      | kae the Hill Orc Summoner began the quest for the Orb.
     0 | D:1      | Reached XP level 1. HP: 14/14 MP: 3/3
   154 | D:1      | Reached XP level 2. HP: 11/20 MP: 2/4
  1116 | D:2      | Learned a level 2 spell: Call Imp
  1159 | D:2      | Reached XP level 3. HP: 26/26 MP: 2/5
  2093 | D:3      | Reached skill level 5 in Summonings
  2365 | D:3      | Reached XP level 4. HP: 19/33 MP: 2/7
  2375 | D:3      | Found a glowing drain.
  2380 | Sewer    | Entered a sewer
  2744 | Sewer    | Noticed Purgy
  3065 | D:3      | Found a snail-covered altar of Cheibriados.
  3401 | D:3      | Found a stormy altar of Qazlal.
  3471 | D:3      | Reached skill level 1 in Axes
  3538 | D:3      | Reached XP level 5. HP: 31/38 MP: 8/8
  3625 | D:4      | Learned a level 3 spell: Call Canine Familiar
  3629 | D:4      | Noticed an ogre
  3803 | D:4      | Noticed a centaur
  3810 | D:4      | Noticed an ogre
  3829 | D:4      | Gained mutation: Your mind is acute. (Int +2) [potion of
                  | mutation]
  3829 | D:4      | Gained mutation: You tend to lose your temper in combat.
                  | [potion of mutation]
  3829 | D:4      | Gained mutation: You have a pair of small antennae on your
                  | head. [potion of mutation]
  3832 | D:4      | Killed an ogre
  3834 | D:4      | Reached skill level 6 in Summonings
  3842 | D:4      | Slain by an orc

Levels and vault maps discovered:
D:1:      mushboom_english_gardens, layout_basic
D:2:      layout_loops_ring
D:3:      layout_loops_corners, lemuel_coloured_pillars_altar,
          kennysheep_slug_shrine, portal_sewer_entry_e, grunt_decor_clamped,
          minmay_quantized
D:4:      layout_basic, overflow_temple_1_default, minitemple

Skill      XL: |  1  2  3  4  5 |
---------------+----------------+-----
Spellcasting   | 2 |  2.7
Summonings     | 5 6 |  6.0
Axes           | 1 2 |  2.1
Dodging        | |  1.5
Stealth        | |  1.5

Action                   |  1- 3 |  4- 6 || total
-------------------------+-------+-------++-------
Melee: Unarmed           |   188 |    92 ||   280
       Hand axe          |       |    35 ||    35
 Cast: Summon Small Mamm |    26 |    20 ||    46
       Call Imp          |    11 |    10 ||    21
       Call Canine Famil |       |     2 ||     2
  Use: Scroll            |    12 |     4 ||    16
       Potion            |       |     3 ||     3
 Stab: Distracted        |     1 |       ||     1
       Sleeping          |       |     3 ||     3
  Eat: Chunk             |     6 |     6 ||    12
Armor: Robe              |    35 |    28 ||    63
Dodge: Dodged            |   150 |   111 ||   261

Table legend:
 A = Non-vault XP
 B = Vault XP
 C = Vault XP percentage of total XP
 D = Non-vault monster count
 E = Vault monster count
 F = Vault count percentage of total count
                 A         B        C        D         E       F
            +---------+---------+-------+---------+---------+-------
      Total |     297 |      15 |   4.8 |      71 |       9 |  11.2
            +---------+---------+-------+---------+---------+-------
        D:1 |      28 |       0 |   0.0 |      19 |       0 |   0.0
        D:2 |      40 |       0 |   0.0 |      17 |       0 |   0.0
        D:3 |      83 |       8 |   8.8 |      24 |       4 |  14.3
        D:4 |     146 |       0 |   0.0 |      11 |       0 |   0.0
      Sewer |       0 |       7 | 100.0 |       0 |       5 | 100.0
            +---------+---------+-------+---------+---------+-------
